 Dungeon Crawl Stone Soup version 0.32-a0-960-g3814254bd7 (webtiles) character file.

Game seed: 10448279912048065932

978927 Konar the Ex Machina (level 27, -10/231 HPs)
             Began as a Coglin Hunter on Apr 17, 2024.
             Was a High Priest of Okawaru.
             Mangled by a juggernaut skeleton (21 damage)
             ... in Pandemonium.
             The game lasted 02:10:09 (79913 turns).

Konar the Ex Machina (Coglin Hunter)               Turns: 79913, Time: 02:10:10

Health: -10/231    AC: 21    Str: 10    XL:     27
Magic:  13/42      EV: 37    Int: 17    God:    Okawaru [*****.]
Gold:   7757       SH:  0    Dex: 31    Spells: 34/56 levels left

rFire   + + +        K - +9 hand cannon (flame) {Suthep}
rCold   + + +        L - +5 hand cannon (flame) {Else}
rNeg    + + +        y - +4 skin of Zhor {*Englaciate rC+++ SInv}
rPois   ∞            J - +3 crown of Dyrovepreva {rElec Int+2 SInv}
rElec   +            e - +4 dragonskin cloak {Aegis}
rCorr   +            C - +1 pair of gloves of Living New Discoveries {rElec rF++ Dex-2 Stlth+}
SInv    +            Y - +4 pair of boots of Ocveg {rC+ Dex+2}
Will    +++..        (amulet unavailable)
Stlth   ++++         (ring unavailable)
HPRegen 0.58/turn    (ring unavailable)
MPRegen 0.28/turn    Q - dynamic transmogrifier {rPois rCorr Slay+3 Clar RMsl}

%: repel missiles, clarity
@: death-form, weakened, studying 4 skills, revved
A: vile attack, torment immunity, no potions, off-hand wielding, slow wielding,
warmup strikes, no jewellery, agile 1, clever 1, fire resistance 1
}: 10/15 runes: decaying, slimy, silver, abyssal, demonic, glowing, magical,
fiery, dark, gossamer
a: Siphon Essence, Begin Untransformation, Renounce Religion, Heroism, Finesse,
Duel


You were in Pandemonium.
You worshipped Okawaru.
Okawaru was extremely pleased with you.
You were an undying horror.
You visited 13 branches of the dungeon, and saw 57 of its levels.
You visited Pandemonium 2 times, and saw 16 of its levels.
You visited the Abyss 3 times.
You also visited: Volcano and Wizlab.

You collected 13555 gold pieces.
You spent 5798 gold pieces at shops.

Inventory:

Hand Weapons
 q - the +6 sword of Cerebov {flame}
   (You took it off Cerebov in Pandemonium)
 F - a +0 hand cannon
 K - a +9 hand cannon of flaming (weapon) {Suthep}
 L - a +5 hand cannon of flaming (offhand) {Else}
Armour
 e - the +4 dragonskin cloak (worn) {Aegis}
   (You took it off Tiamat on level 2 of the Realm of Zot)

   Avatar's Aegis: It grants the wearer a chance to resist fire, cold, poison,
   electricity, acid, and negative energy.
 u - the scarf of Paypped {repulsion, Str+4}
   (You found it in Pandemonium)

   Str+4:     It affects your strength (+4).
 y - the +4 skin of Zhor (worn) {*Englaciate rC+++ SInv}
   (You found it on level 2 of the Depths)

   *Englaciate: It radiates cold, occasionally slowing all nearby creatures who
   are not resistant to cold.
   rC+++:     It renders you almost immune to cold.
   SInv:      It lets you see invisible.
 C - the +1 pair of gloves of Living New Discoveries (worn) {rElec rF++ Dex-2 Stlth+}
   (You found it on level 3 of the Vaults)

   Dex-2:     It affects your dexterity (-2).
   rF++:      It greatly protects you from fire.
   rElec:     It insulates you from electricity.
   Stlth+:    It makes you more stealthy.
 D - a +2 robe of resistance
 J - the +3 crown of Dyrovepreva (worn) {rElec Int+2 SInv}
   (You found it on level 5 of the Vaults)

   Int+2:     It affects your intelligence (+2).
   rElec:     It insulates you from electricity.
   SInv:      It lets you see invisible.
 N - the scarf of Oblivion {harm, rF+ rN+ Str+2}
   (Okawaru gifted it to you on level 1 of the Lair of Beasts)

   Str+2:     It affects your strength (+2).
   rF+:       It protects you from fire.
   rN+:       It protects you from negative energy.
 O - a +2 pair of gloves of infusion
 X - the +3 robe of Clouds {*Thunder rCloud rElec}
   (You took it off a Cloud Mage in a wizard's laboratory)

   *Thunder:  It occasionally creates storm clouds above nearby enemies.
   rCloud:    It grants its wearer immunity to clouds.
   rElec:     It insulates you from electricity.
 Y - the +4 pair of boots of Ocveg (worn) {rC+ Dex+2}
   (You found it on level 3 of the Spider Nest)

   Dex+2:     It affects your dexterity (+2).
   rC+:       It protects you from cold.
 Z - quicksilver dragon scales
Gizmo
 Q - a dynamic transmogrifier (installed) {rPois rCorr Slay+3 Clar RMsl}
   (You invented it yourself on level 5 of the Lair of Beasts)

   [dynamic transmogrifier]

   Slay+3:    It affects your accuracy & damage with ranged weapons and melee
   (+3).
   rPois:     It protects you from poison.
   Clar:      It protects you from confusion, rage, mesmerisation and fear.
   RMsl:      It protects you from missiles.
   rCorr:     It protects you from acid and corrosion.
Talismans
 a - a talisman of death (active)
Wands
 o - a wand of mindburst (24)
 s - a wand of light (14)
 w - a wand of digging (28)
 G - a wand of iceblast (52)
 I - a wand of paralysis (122)
Scrolls
 b - 5 scrolls of butterflies
 c - 10 scrolls of fear
 i - 6 scrolls of poison
 n - 5 scrolls of vulnerability
 v - 3 scrolls of enchant armour
 x - 7 scrolls of immolation
 A - 8 scrolls of fog
 B - 35 scrolls of identify
 E - 4 scrolls of silence
 P - 23 scrolls of teleportation
 T - 9 scrolls of revelation
Potions
 d - 10 potions of brilliance
 f - 9 potions of magic
 g - 10 potions of mutation
 h - 14 potions of enlightenment
 j - 11 potions of lignification
 k - 27 potions of curing
 l - 5 potions of cancellation
 m - 2 potions of invisibility
 r - 5 potions of heal wounds
 z - 7 potions of haste
 S - 8 potions of resistance
 U - 13 potions of ambrosia
Miscellaneous
 p - a box of beasts
 t - a phial of floods
 H - a lightning rod (4/4)
 M - the horn of Geryon
 R - a phantom mirror
 W - a condenser vane (inert)


   Skills:
 - Level 22.0 Fighting
 - Level 18.0 Ranged Weapons
 - Level 22.0 Dodging
 - Level 0.7 Stealth
 * Level 15.4 Spellcasting
 * Level 18.1 Translocations
 - Level 14.5 Invocations
 O Level 27 Evocations
 + Level 25.5 Shapeshifting


You had 34 spell levels left.
You knew the following spells:

 Your Spells              Type           Power      Damage    Failure   Level
a - Dispersal             Tloc           32%        N/A       1%          6
b - Disjunction           Tloc           32%        N/A       19%         8
c - Discord               Hex            6%         N/A       100%        8

Your spell library contained the following spells:

 Spells                   Type           Power      Damage    Failure   Level
 Apportation              Tloc           100%       N/A       0%          1
 Blink                    Tloc           100%       N/A       0%          2
 Lesser Beckoning         Tloc           100%       N/A       0%          2
 Maxwell's Portable Pile  Tloc           65%        2d(11-33) 0%          3
 Teleport Other           Tloc           65%        N/A       0%          3
 Momentum Strike          Conj/Tloc      86%        3d10      1%          2
 Dimensional Bullseye     Hex/Tloc       21%        N/A       1%          4
 Iskenderun's Mystic Bla  Conj/Tloc      43%        2d10      (+2d51%     4
 Passage of Golubria      Tloc           65%        N/A       1%          4
 Vhi's Electric Charge    Tloc/Air       86%        N/A       1%          4
 Gell's Gavotte           Tloc           32%        2d(25-38) 1%          6
 Manifold Assault         Tloc           32%        N/A       2%          7
 Foxfire                  Conj/Fire      52%        2x1d6     4%          1
 Freeze                   Ice            52%        1d6       4%          1
 Kiss of Death            Conj/Necr      52%        2d9       4%          1
 Magic Dart               Conj           52%        1d5       4%          1
 Necrotise                Necr           52%        1d6       4%          1
 Sandblast                Erth           26%        2d8       4%          1
 Shock                    Conj/Air       52%        1d6       4%          1
 Slow                     Hex            52%        N/A       4%          1
 Sting                    Conj/Alch      52%        1d6       4%          1
 Cigotuvi's Dreadful Rot  Necr/Alch/Air  26%        N/A       8%          2
 Ensorcelled Hibernation  Hex/Ice        26%        N/A       8%          2
 Jinxbite                 Hex            26%        N/A       8%          2
 Mercury Vapours          Alch/Air       26%        N/A       8%          2
 Scorch                   Fire           26%        2d6       8%          2
 Static Discharge         Conj/Air       26%        3-5/arc   8%          2
 Sublimation of Blood     Necr           13%        N/A       8%          2
 Confusing Touch          Hex            13%        N/A       14%         3
 Dazzling Flash           Conj/Hex       26%        N/A       14%         3
 Frozen Ramparts          Ice            26%        1d4       14%         3
 Fugue of the Fallen      Necr           13%        N/A       14%         3
 Hailstorm                Conj/Ice       13%        3d6       14%         3
 Inner Flame              Hex/Fire       13%        N/A       14%         3
 Mephitic Cloud           Conj/Alch/Air  13%        N/A       14%         3
 Ozocubu's Armour         Ice            13%        N/A       14%         3
 Passwall                 Erth           13%        N/A       14%         3
 Sigil of Binding         Hex            13%        N/A       14%         3
 Stone Arrow              Conj/Erth      26%        3d8       14%         3
 Swiftness                Air            13%        N/A       14%         3
 Vampiric Draining        Necr           13%        2d6       14%         3
 Airstrike                Air            6%         2d(1-17)  43%         4
 Brom's Barrelling Bould  Conj/Erth      13%        2d4       43%         4
 Cause Fear               Hex            6%         N/A       43%         4
 Dispel Undead            Necr           13%        3d9       43%         4
 Flame Wave               Conj/Fire      13%        2d6       43%         4
 Ignite Poison            Fire/Alch      13%        N/A       43%         4
 Olgreb's Toxic Radiance  Alch           13%        N/A       43%         4
 Petrify                  Alch/Erth      13%        N/A       43%         4
 Sticky Flame             Fire/Alch      13%        2d5       43%         4
 Alistair's Intoxication  Alch           8%         N/A       80%         5
 Arcjolt                  Conj/Air       6%         1d16      80%         5
 Borgnjor's Vile Clutch   Necr/Erth      6%         N/A       80%         5
 Curse of Agony           Necr           13%        N/A       80%         5
 Fireball                 Conj/Fire      6%         3d5       80%         5
 Freezing Cloud           Conj/Ice/Air   6%         6-21      80%         5
 Irradiate                Conj/Alch      6%         3d13      80%         5
 Iskenderun's Battlesphe  Conj           13%        2d7       80%         5
 Silence                  Hex/Air        6%         N/A       80%         5
 Yara's Violent Unravell  Hex/Alch       6%         3d5       80%         5
 Conjure Ball Lightning   Conj/Air       6%         3x3d6     100%        6
 Eringya's Noxious Bog    Alch           6%         4d6       100%        6
 Permafrost Eruption      Ice/Erth       6%         2x4d3     100%        6
 Plasma Beam              Fire/Air       6%         2x1d17    100%        6
 Starburst                Conj/Fire      6%         6d4       100%        6
 Enfeeble                 Hex            6%         N/A       100%        7
 Magnavolt                Erth/Air       6%         3d10      100%        7
 Orb of Destruction       Conj           6%         9d6       100%        7
 Ozocubu's Refrigeration  Ice            6%         4d8       100%        7
 Rimeblight               Ice/Necr       6%         2d4       (prima100%   7
 Fulsome Fusillade        Conj/Alch      6%         (3-5)d5   100%        8
 Ignition                 Fire           6%         3d4       100%        8
 Lehudib's Crystal Spear  Conj/Erth      6%         10d3      100%        8
 Maxwell's Capacitive Co  Air            6%         ∞         100%        8
 Chain Lightning          Conj/Air       6%         3d8       100%        9
 Polar Vortex             Ice            6%         N/A       100%        9
 Summon Forest            Summ/Tloc      Unusable   N/A       N/A         5
 Summon Small Mammal      Summ           Unusable   N/A       N/A         1
 Call Imp                 Summ           Unusable   N/A       N/A         2
 Call Canine Familiar     Summ           Unusable   N/A       N/A         3
 Summon Ice Beast         Ice/Summ       Unusable   N/A       N/A         3
 Tukima's Dance           Hex            Unusable   N/A       N/A         3
 Animate Armour           Summ/Erth      Unusable   N/A       N/A         4
 Animate Dead             Necr           Unusable   N/A       N/A         4
 Martyr's Knell           Necr/Summ      Unusable   N/A       N/A         4
 Summon Lightning Spire   Summ/Air       Unusable   N/A       N/A         4
 Malign Gateway           Summ/Tloc      Unusable   N/A       N/A         7
 Death Channel            Necr           Unusable   N/A       N/A         6
 Sculpt Simulacrum        Ice/Alch       Unusable   N/A       N/A         6
 Summon Cactus Giant      Summ           Unusable   N/A       N/A         6
 Summon Hydra             Summ           Unusable   N/A       N/A         7
 Dragon's Call            Summ           Unusable   N/A       N/A         9

Dungeon Overview and Level Annotations

Branches:
Dungeon (15/15)            Temple (1/1) D:7            Lair (5/5) D:11
  Swamp (4/4) Lair:2       Spider (4/4) Lair:2        Slime (5/5) Lair:4
    Orc (2/2) D:12            Elf (3/3) Orc:2        Vaults (5/5) D:14
  Crypt (3/3) Vaults:2       Tomb (0/3) Crypt:3      Depths (4/4) D:15
   Hell (visited)             Dis (0/7) Hell            Geh (0/7) Hell
    Coc (0/7) Hell            Tar (0/7) Hell            Zot (5/5) Depths:4
Volcano (visited)          WizLab (visited)

Altars:
Ashenzari
Cheibriados
Dithmenos
Elyvilon
Fedhas
Gozag
Hepliaklqana
Kikubaaqudgha
Makhleb
Nemelex Xobeh
Okawaru
Qazlal
Ru
Sif Muna
Trog
Uskayaw
Vehumet
Wu Jian
Xom
Yredelemnul
Zin
The Shining One
Beogh

Shops:
D:2 =*(   D:10 (   D:15 *   Orc:1 [   Orc:2 !=([   Elf:1 ?   Elf:2 ?
Elf:3 [!*!   Vaults:2 *   Vaults:3 *   Vaults:4 *   Depths:2 !!=

Portals:
Hell: Depths:1 Depths:2 Depths:3 Depths:4
Abyss: Depths:3
Pandemonium: Depths:2
Ziggurat: Depths:4

Annotations:
Lair:5 1 runed translucent door, Konar's ghost, journeyman CoHu
Swamp:1 2 transporters, exclusion: obsidian statue
Zot:3 2 transporters


Innate Abilities, Weirdness & Mutations

You are an undying horror.
Your melee and unarmed attacks drain, slow and weaken victims.
You are immune to unholy pain and torment.
You cannot drink.
You are immune to poison.
You can wield a second weapon in your off-hand.
It takes a long time for you to wield or remove held weapons.
Your first few attacks do less damage.
You cannot equip rings or amulets.
You are agile. (Dex +4, Str/Int -1)
Your mind is acute. (Int +4, Str/Dex -1)
Your flesh is heat resistant. (rF+)


Message History

You feel your power leaking away.
You hear a shout!
Fire: K) +9 hand cannon (flame) {Suthep}
Press: ? - help, Q - select action, (/) - cycle Shift-Dir - straight line, f/p - juggernaut skeleton
Aim: a juggernaut skeleton (severely damaged, absorbing vital energies, 98% to hit)
You shoot a slug. The slug hits the juggernaut skeleton.
The slug burns the juggernaut skeleton.
The juggernaut skeleton is severely damaged.
You shoot a slug. The slug hits the juggernaut skeleton!
The slug burns the juggernaut skeleton.
The juggernaut skeleton is almost destroyed.
The juggernaut skeleton completely misses you.
The juggernaut skeleton closely misses you.
Okay, then.
Clouds condense from the air!
The condenser dries out!
You radiate an aura of cold.
The juggernaut skeleton is unaffected.
The reaper is unaffected.
The large abomination seems to slow down.
The reaper is engulfed in acidic fog.
The reaper completely misses you.
The large abomination is engulfed in a thunderstorm.
The reaper is engulfed in acidic fog.
Fire: K) +9 hand cannon (flame) {Suthep}
Press: ? - help, Q - select action, (/) - cycle Shift-Dir - straight line, f - large abomination, p - juggernaut skeleton
Aim: a large abomination (excruciating misery, severely damaged, absorbing vital energies, slow, 88% to hit)
You shoot a slug.
The slug hits the juggernaut skeleton but does no damage.
The juggernaut skeleton is almost destroyed.
You shoot a slug. The slug hits the juggernaut skeleton!
The slug burns the juggernaut skeleton.
The juggernaut skeleton is almost destroyed.
You shoot a slug.
The slug hits the juggernaut skeleton but does no damage.
The juggernaut skeleton is almost destroyed.
You shoot a slug.
The slug hits the juggernaut skeleton but does no damage.
The juggernaut skeleton is almost destroyed.
The reaper is no longer absorbing vital energies.
The juggernaut skeleton completely misses you.
The juggernaut skeleton hits you!!
You die...

,*,,*,,......z,,,,*,,*,,,,*,*,,,*
,,,,*,,.......,,,,*,,,,,,,,**,,,,
,*,****##.....,,,******,,,,,*,,,*
,,,,*,,....2.6Z,,,',,,,,,,,,*,,,*
,*,,*,,.......,,,,',,*,,,,,,*,,,*
,,,,*,,....§§.,,,,',,,,,,,,,*,,,*
******,....§§2#####*,*,,,,,,*,,,,
,,,,*,,....§§X.Z☼☼#,,,,,,,,,*,,**
,*,,*,,#########z○#,,*,,,,,,*,,,,
,,,,*,,#.......#☼.#,,,,,,,,,*,*,*
,*,*#####......#.##****,,,,,*,*,*
,,,,#..#...##..#..#,,,,,,,,,,,*,*
,*,,#..'..#.#..'..#,,*,,,,,,,,,,,
,,,,#..#..##...#..#,,,,,,,,,,,,,,
****##.#......#####*,*,,,,,,***,,
,,,,#..#.......#..#,,,,,,,,,*,*,,
,*,,#..#########..#,,*,,,,,,*,*,,


You could see a reaper, a large abomination (black mark, slow) and a juggernaut
skeleton (black mark).

Vanquished Creatures
  Cerebov (Pan)
  the Royal Jelly (Slime:5)
  Dissolution (Slime:2)
  Mnoleg (Pan)
  Gloorx Vloq (Pan)
  10 pandemonium lords (Pan)
  Lom Lobon (Pan)
  A dread lich (Zot:5)
  9 orbs of fire
  Tiamat (Zot:2)
  Frederick (Crypt:3)
  3 ancient liches
  Boris (4 times) (Vaults:3 Depths:2 Depths:4 Vaults:5)
  4 Killer Klowns (Zot:5)
  Geryon (Hell)
  2 curse toes (Zot:2)
  13 golden dragons
  The ghost of Hociexiyce the Spry, a veteran DjFE of Makhleb (Vaults:4)
  Nikola (Swamp:1)
  A profane servitor (Pan)
  6 Brimstone Fiends (Pan)
  5 Tzitzimimeh (Pan)
  2 bone dragons
  4 electric golems
  A Hell Sentinel (Pan)
  An Ice Fiend (Pan)
  3 hellephants
  A Cloud Mage (WizLab)
  A shard shrike skeleton (Crypt:2)
  Mlioglotl (Swamp:4)
  Jorgrun (D:13)
  23 tentacled monstrosities
  6 liches
  Rupert (D:13)
  2 walking earthen tomes
  2 walking crystal tomes (Depths:3)
  25 Orb Guardians (Zot:5)
  23 acid blobs
  A deep elf master archer (Elf:3)
  5 quicksilver dragons
  4 titans
  3 deep elf blademasters
  2 death cobs (Zot:1)
  An ancient champion (Crypt:2)
  5 sphinxes
  2 eldritch tentacles (Pan)
  28 Executioners
  4 thorn hunters
  14 storm dragons
  12 shadow dragons
  Aizul (Swamp:4)
  The ghost of Autsider the Convoker, an adept DEHW of Sif Muna (Spider:3)
  Kirke (D:13)
  Donald (Swamp:3)
  2 nagarajas (Pan)
  6 tengu reavers
  13 azure jellies
  14 protean progenitors
  14 rockslimes
  2 iron dragons
  Roxanne (Swamp:3)
  7 draconian knights
  12 fire giants
  8 demonspawn warmongers (Pan)
  3 fenstrider witches
  7 emperor scorpions
  8 draconian scorchers
  7 draconian shifters
  11 deep elf sorcerers
  12 vault wardens
  7 draconian monks
  12 frost giants
  5 draconian stormcallers
  32 balrugs
  2 caustic shrike skeletons
  4 deep elf elementalists (Elf:3)
  An angel (Abyss:3)
  7 ghost moths
  11 ghouls
  A caustic shrike zombie (Crypt:1)
  2 spriggan defenders (Depths:3)
  4 orc warlords
  18 ironbound preservers
  Louise (Swamp:1)
  5 curse skulls
  14 formless jellyfish
  11 draconian annihilators
  10 quicksilver oozes
  24 vampire knights
  28 very ugly things
  20 cacodemons
  5 broodmothers
  8 ironbound thunderhulks
  29 reapers
  9 demonspawn corrupters (Pan)
  9 demonspawn blood saints (Pan)
  A juggernaut skeleton (Pan)
  Nessos (D:15)
  14 green draconians
  9 black draconians
  8 stone giants
  2 hydra skeletons (Swamp:4)
  11 lorocyprocas (Pan)
  4 eleionomae
  12 demonspawn black suns (Pan)
  16 deep elf annihilators
  5 deep elf demonologists
  5 white draconians
  9 deep elf death magi
  10 red draconians
  10 yellow draconians
  11 bunyips
  14 dire elephants
  5 spark wasps
  4 war gargoyles
  14 purple draconians
  9 ettins
  10 fire dragons
  36 blizzard demons
  19 green deaths (Pan)
  3 crystal guardians
  An eidolon (Crypt:1)
  Snorg (D:11)
  2 iron golems (Hell)
  6 entropy weavers
  15 yaktaur captains
  15 jiangshi
  Josephine (Lair:3)
  35 vault guards
  7 deep elf high priests
  A shambling mangrove (Swamp:4)
  8 spriggan air magi
  8 spriggan zombies
  3 hell beasts
  10 rakshasas
  9 ice dragons
  5 peacekeepers
  14 hydras
  12 great orbs of eyes
  18 centaur warriors
  A sphinx zombie (Hell)
  5 ghost crabs
  6 ogre magi
  6 ironbound frosthearts
  3 catoblepae
  11 alligators
  11 boulder beetles
  3 death knights
  2 satyrs (Pan)
  26 dancing weapons
  3 two-headed ogres
  A jorogumo (Spider:4)
  A merfolk aquamancer (Pan)
  15 hell hogs
  5 death yaks
  21 demonic crawlers
  8 deep troll shamans
  4 spriggan berserkers
  2 tengu warriors (Depths:3)
  A spectral emperor scorpion (Spider:4)
  4 titan zombies
  14 vampire magi
  3 orc high priests (Orc:2)
  7 death scarabs (Spider:4)
  3 thrashing horrors (Abyss:3)
  9 deep troll earth magi
  2 occultists (Volcano)
  24 deep elf knights
  47 soul eaters
  A shock serpent (shapeshifter) (Vaults:5)
  2 shock serpents (WizLab)
  20 hell knights
  3 iron trolls
  114 sun demons
  An emperor scorpion zombie (Crypt:1)
  A wretched star (Abyss:3)
  33 skeletal warriors
  5 skysharks
  A salamander mystic (Depths:4)
  7 flayed ghosts
  2 spark wasp zombies
  20 sixfirhies (Pan)
  A bunyip zombie (Crypt:3)
  13 deep elf archers
  4 pharaoh ants
  An orb spider (shapeshifter) (Vaults:5)
  A cherub (Pan)
  7 spriggan druids
  An iron giant zombie (Hell)
  38 deep trolls
  3 death drakes
  A spatial maelstrom (Abyss:3)
  4 swamp dragons
  6 sea snakes
  7 sun moths
  6 arcanists
  A goliath frog (Swamp:2)
  2 mana vipers (shapeshifter)
  13 glowing orange brains
  2 spectral hydras (Swamp:4)
  4 anaconda zombies
  18 shadow demons (Pan)
  An orange crystal statue (Elf:2)
  4 bog bodies
  A spectral jorogumo (Spider:4)
  3 anaconda skeletons (Hell)
  2 iron dragon zombies
  8 orb spiders
  A golden dragon skeleton (Crypt:1)
  6 thermic dynamos
  12 ironbound convokers
  A lindwurm (shapeshifter) (Vaults:5)
  2 steelbarb worms
  2 alligator zombies
  25 deep elf pyromancers
  10 lindwurms
  11 harpies (Vaults:1)
  18 orc knights
  3 obsidian bats (Orc:1)
  2 fauns (Pan)
  9 necromancers
  35 phantasmal warriors
  6 oklob plants
  3 salamanders (Depths:4)
  A stone giant zombie (Hell)
  6 orc sorcerers
  13 starcursed masses (Abyss:3)
  26 deep elf zephyrmancers
  3 frost giant zombies
  18 wolf spiders
  35 large abominations
  41 ugly things
  A shining eye (shapeshifter) (D:15)
  A jorogumo skeleton (Crypt:3)
  A fire giant zombie (Hell)
  3 cyclopes
  4 will-o-the-wisps
  11 shining eyes
  25 moths of wrath
  5 manticores
  3 meliai (Spider:1)
  A centaur zombie (Crypt:3)
  A kobold blastminer (Orc:2)
  An iron dragon skeleton (Hell)
  3 elephants (Lair:3)
  A worldbinder (Abyss:3)
  5 toenail golems (Volcano)
  11 vault sentinels
  16 apocalypse crabs
  6 torpor snails
  A dire elephant zombie (Crypt:3)
  10 rust devils
  4 molten gargoyles (Hell)
  2 ice statues (Hell)
  A spectral iron troll (Crypt:3)
  51 smoke demons
  6 eyes of devastation
  12 cane toads
  An unseen horror (D:12)
  3 black mambas
  24 orange demons (Pan)
  An unseen horror (shapeshifter) (D:14)
  2 gargoyles
  3 spectral redbacks (Spider:4)
  An unseen horror zombie (Crypt:3)
  29 yaktaurs
  10 freezing wraiths
  A yaktaur (shapeshifter) (D:15)
  17 hellions
  14 efreet
  An ice devil (Pan)
  7 komodo dragons
  10 tormentors
  A kobold demonologist (D:12)
  3 rime drakes
  3 spectral deep trolls (Crypt:3)
  A redback zombie (Spider:4)
  An unseen horror skeleton (Crypt:1)
  A sea snake skeleton (Hell)
  A queen bee (shapeshifter) (D:13)
  A yellow draconian skeleton (Crypt:2)
  3 hydra zombies
  6 polar bears (Lair:5)
  7 trolls
  9 tyrant leeches
  36 hellwings
  9 red devils
  19 wind drakes
  20 hornets
  3 spectral jumping spiders (Spider:4)
  A bloated husk (Swamp:3)
  22 tarantellas
  An alligator simulacrum (Hell)
  27 jumping spiders
  3 spectral culicivoras (Spider:4)
  2 dream sheep (Lair:5)
  10 glass eyes
  A harpy skeleton (Hell)
  15 blink frogs
  3 tarantella zombies
  3 spectral tarantellas (Spider:4)
  2 ice dragon zombies
  A boulder beetle zombie (Crypt:1)
  A centaur simulacrum (Crypt:3)
  126 slime creatures
  16 wraiths
  26 ynoxinuls (Pan)
  17 culicivoras
  23 spriggans
  A shadow (D:10)
  A satyr skeleton (Crypt:3)
  27 small abominations (Abyss:3)
  An ettin skeleton (Abyss:3)
  2 ettin zombies (Crypt:3)
  An ice dragon skeleton (Crypt:1)
  12 air elementals
  52 yaks
  A wyvern (Lair:2)
  2 steam dragons
  4 basilisks
  3 black mamba skeletons (Crypt:2)
  6 water elementals
  17 humans
  11 golden eyes
  22 neqoxecs (Pan)
  2 fire elementals (Elf:1)
  A warg (Orc:2)
  42 redbacks
  8 vampire mosquitoes
  Menkaure (D:4)
  A glowing shapeshifter zombie (Hell)
  32 chaos spawn (Pan)
  4 spatial vortices (Abyss:3)
  22 swamp worms
  A swamp worm (shapeshifter) (Vaults:1)
  2 acid dragons
  4 hydra simulacra
  A glowing shapeshifter skeleton (Crypt:2)
  6 hell hounds
  10 water moccasins
  A water nymph skeleton (Crypt:2)
  10 swamp drakes
  A faun skeleton (Crypt:3)
  17 orc warriors
  A fire bat skeleton (Crypt:2)
  An ice beast (D:5)
  9 black bears
  A sky beast (D:7)
  A swamp dragon zombie (Swamp:4)
  20 laughing skulls
  10 boggarts
  35 wolves
  7 ogres
  17 centaurs
  9 weeping skulls (Abyss:3)
  2 brain worms (Abyss:3)
  2 kobold brigands
  A yaktaur zombie (Crypt:3)
  11 bullfrogs
  3 gnoll sergeants
  A glowing shapeshifter simulacrum (Depths:2)
  A salamander skeleton (Crypt:1)
  2 earth elementals
  3 scorpions
  14 wights
  A polar bear zombie (Crypt:2)
  20 killer bees
  6 electric eels
  7 howler monkeys
  3 bombardier beetles
  4 hounds
  3 jellies
  11 orc priests
  2 iguanas (D:5)
  20 orc wizards
  A sleepcap (D:7)
  Robin (D:4)
  6 adders
  13 gnolls
  2 swamp drake zombies (Swamp:4)
  2 white imps
  A jelly zombie (Crypt:3)
  A ribbon worm (D:3)
  58 orcs
  A bat skeleton (D:2)
  2 endoplasms
  2 giant cockroaches
  14 goblins
  4 hobgoblins
  9 jackals
  24 kobolds
  3 quokkas
  5 ball pythons
  A ball python zombie (D:2)
  8 bats
  A bombardier beetle zombie (Crypt:2)
  2 frilled lizards (D:2)
  A giant cockroach zombie (Crypt:1)
  4 rats (D:2)
  A spectral kobold (D:2)
  3 aspiring fleshes
  3 ball lightnings (Vaults:4)
3433 creatures vanquished.

Vanquished Creatures (others)
  A spriggan air mage (Pan)
  A pharaoh ant (Spider:3)
  A large abomination (Pan)
  A bloated husk (Swamp:3)
  A hydra zombie (Hell)
  A tarantella (Spider:3)
  A jumping spider (Spider:3)
  A spriggan (Swamp:1)
  A ynoxinul (Pan)
  A redback (Spider:3)
  A chaos spawn (Pan)
  A hell hound (Hell)
  A boggart (Lair:5)
  3 ball lightnings (Pan)
  10 foxfires
26 creatures vanquished.

Grand Total: 3459 creatures vanquished

Notes
Turn   | Place    | Note
-------+----------+-------------------------------------------
     0 | D:1      | Konar the Coglin Hunter began the quest for the Orb.
     0 | D:1      | Reached XP level 1. HP: 16/16 MP: 1/1
    96 | D:1      | Reached XP level 2. HP: 22/22 MP: 2/2
   747 | D:1      | Reached XP level 3. HP: 27/27 MP: 3/3
  1028 | D:2      | Found Zinluhodgh's Weapon Emporium.
  1037 | D:2      | Found a faded altar of an unknown god.
  1049 | D:2      | Found Adomyul's Assorted Antiques.
  1078 | D:2      | Reached XP level 4. HP: 33/33 MP: 4/4
  1250 | D:2      | Found Lasiti's Jewellery Boutique.
  1448 | D:3      | Found a shimmering blue altar of Sif Muna.
  1649 | D:3      | Found a stormy altar of Qazlal.
  1651 | D:3      | Noticed a water elemental
  1651 | D:3      | Noticed an air elemental
  1687 | D:3      | Noticed a fire elemental
  1687 | D:3      | Noticed an earth elemental
  1989 | D:3      | Noticed an ogre
  2066 | D:3      | Killed an ogre
  2067 | D:3      | Reached skill level 5 in Ranged Weapons
  2067 | D:3      | Reached XP level 5. HP: 38/38 MP: 5/5
  2264 | D:2      | Bought a runed sling for 130 gold pieces
  2264 | D:2      | Bought a scroll labelled TEAMAS KEOLI for 29 gold pieces
  2264 | D:2      | Bought a scroll labelled NILUEJOTHA for 29 gold pieces
  2366 | D:4      | Noticed Menkaure
  2375 | D:4      | Killed Menkaure
  2376 | D:4      | Reached XP level 6. HP: 15/44 MP: 6/6
  2543 | D:4      | Found a hazy altar of Hepliaklqana.
  2550 | D:4      | Found an iron altar of Okawaru.
  2556 | D:4      | Became a worshipper of Warmaster Okawaru
  2584 | D:4      | Found a radiant altar of Vehumet.
  2902 | D:4      | Noticed Robin
  2911 | D:4      | Killed Robin
  2977 | D:4      | Found a white marble altar of Elyvilon.
  2978 | D:4      | Found a burning altar of Makhleb.
  3065 | D:5      | Entered Level 5 of the Dungeon
  3088 | D:5      | Found a broken altar of Ashenzari.
  3126 | D:5      | Noticed an ice beast
  3137 | D:5      | Killed an ice beast
  3138 | D:5      | Reached skill level 1 in Invocations
  3138 | D:5      | Reached XP level 7. HP: 36/50 MP: 7/7
  3345 | D:5      | Found a sacrificial altar of Ru.
  3373 | D:5      | Reached * piety under Okawaru
  3445 | D:5      | Found an ornate altar of the Wu Jian Council.
  3726 | D:5      | Reached XP level 8. HP: 14/56 MP: 9/9
  3881 | D:6      | Reached ** piety under Okawaru
  4085 | D:6      | Identified the +3 rapier "Saquluj" {venom, ^Contam Fly
                  | Will- Str+7}
  4241 | D:6      | Reached skill level 5 in Dodging
  4892 | D:7      | Found a staircase to the Ecumenical Temple.
  4901 | Temple   | Entered the Ecumenical Temple
  4921 | D:7      | Found a bloodstained altar of Trog.
  4921 | D:7      | Noticed a troll
  4927 | D:7      | Killed a troll
  4928 | D:7      | Reached XP level 9. HP: 32/61 MP: 11/11
  5056 | D:7      | Reached *** piety under Okawaru
  5327 | D:7      | Noticed a gargoyle
  5336 | D:7      | Killed a gargoyle
  5601 | D:7      | Reached skill level 10 in Ranged Weapons
  5693 | D:7      | Reached **** piety under Okawaru
  5778 | D:7      | Found a shimmering altar of Xom.
  6171 | D:8      | Reached XP level 10. HP: 67/67 MP: 12/12
  6193 | D:8      | Found a shadowy altar of Dithmenos.
  6949 | D:8      | Reached ***** piety under Okawaru
  7681 | D:9      | Found an ancient bone altar of Kikubaaqudgha.
  7863 | D:10     | Entered Level 10 of the Dungeon
  7939 | D:10     | Noticed a boulder beetle
  7972 | D:10     | Killed a boulder beetle
  8274 | D:10     | Found Zeesun's Weapon Emporium.
  8283 | D:10     | Bought a +0 sling of electrocution for 68 gold pieces
  9173 | D:11     | Reached XP level 11. HP: 72/72 MP: 13/13
  9300 | D:11     | Identified a scroll of acquirement
  9301 | D:11     | Acquired a +1 hand cannon of flaming
  9481 | D:11     | Noticed a skeletal warrior
  9481 | D:11     | Noticed a skeletal warrior
  9481 | D:11     | Noticed a skeletal warrior
  9481 | D:11     | Noticed a skeletal warrior
  9567 | D:11     | Noticed Snorg
  9578 | D:11     | Killed Snorg
  9578 | D:11     | Received a gift from Okawaru
  9763 | D:11     | Found a staircase to the Lair.
  9772 | Lair:1   | Entered Level 1 of the Lair of Beasts
  9926 | Lair:1   | Noticed a death yak
  9941 | Lair:1   | Killed a death yak
  9941 | Lair:1   | Received a gift from Okawaru
  9946 | Lair:1   | Reached skill level 5 in Invocations
  9947 | Lair:1   | Reached ****** piety under Okawaru
  9950 | Lair:1   | Acquired the +0 sling of Equivalence {flame, *Slow rF++
                  | Dex+3}
  9950 | Lair:1   | Received a gift from Okawaru
  9952 | Lair:1   | Acquired the scarf of Oblivion {harm, rF+ rN+ Str+2}
  9952 | Lair:1   | Received a gift from Okawaru
  9960 | Lair:1   | Found a dark tunnel.
 10004 | Volcano  | Entered a volcano
 10010 | Volcano  | Noticed an orc sorcerer
 10014 | Volcano  | Killed an orc sorcerer
 10015 | Volcano  | Reached XP level 12. HP: 78/78 MP: 15/15
 10023 | Volcano  | Received a gift from Okawaru
 10033 | Volcano  | Reached skill level 10 in Dodging
 10261 | Volcano  | Noticed an occultist
 10271 | Volcano  | Killed an occultist
 10422 | Volcano  | Noticed an occultist
 10425 | Volcano  | Killed an occultist
 10748 | Lair:1   | Acquired 844 gold pieces
 11134 | Lair:2   | Noticed a catoblepas
 11229 | Lair:2   | Found a staircase to the Swamp.
 11258 | Lair:2   | Killed a catoblepas
 11264 | Lair:2   | Received a gift from Okawaru
 11612 | Lair:2   | Noticed a five-headed hydra
 11615 | Lair:2   | Killed a five-headed hydra
 11665 | Lair:2   | Reached skill level 15 in Ranged Weapons
 11672 | Lair:2   | Found a hole to the Spider Nest.
 11958 | Lair:2   | Reached XP level 13. HP: 83/83 MP: 18/18
 12390 | Lair:3   | Received a gift from Okawaru
 12800 | Lair:3   | Noticed Josephine
 12816 | Lair:3   | Killed Josephine
 13267 | Lair:4   | Received a gift from Okawaru
 13490 | Lair:4   | Found a staircase to the Slime Pits.
 14485 | Lair:5   | Entered Level 5 of the Lair of Beasts
 14849 | Lair:5   | Reached XP level 14. HP: 57/90 MP: 20/20
 14851 | Lair:5   | Acquired a dynamic transmogrifier {rPois rCorr Slay+3 Clar
                  | RMsl}
 14891 | Lair:5   | Received a gift from Okawaru
 15178 | Lair:5   | Received a gift from Okawaru
 15393 | Lair:5   | Found a runed translucent door.
 15394 | Lair:5   | Found a shimmering altar of Xom.
 15394 | Lair:5   | Noticed Konar's ghost (journeyman CoHu)
 15710 | Lair:5   | Received a gift from Okawaru
 16352 | D:12     | Acquired a manual of Fighting
 16642 | D:12     | Found a staircase to the Orcish Mines.
 16932 | D:12     | Reached XP level 15. HP: 95/95 MP: 22/22
 17245 | D:13     | Received a gift from Okawaru
 17461 | Orc:1    | Entered Level 1 of the Orcish Mines
 17534 | Orc:1    | Found a roughly hewn altar of Beogh.
 17559 | Orc:1    | Found Pusmagum's Armour Shoppe.
 17935 | Orc:2    | Entered Level 2 of the Orcish Mines
 18079 | Orc:2    | Reached skill level 10 in Invocations
 18260 | Orc:2    | Received a gift from Okawaru
 18343 | Orc:2    | Found a staircase to the Elven Halls.
 18521 | Orc:2    | Found Oschusyi's Antique Armour Boutique.
 18521 | Orc:2    | Found Wezogg's Distillery.
 18523 | Orc:2    | Found Zuaririth's Antique Weapon Boutique.
 18523 | Orc:2    | Found Kicosk's Jewellery Shoppe.
 18805 | Orc:2    | Bought a potion of heal wounds for 80 gold pieces
 18805 | Orc:2    | Bought a potion of ambrosia for 128 gold pieces
 18805 | Orc:2    | Bought a potion of resistance for 160 gold pieces
 18805 | Orc:2    | Bought a potion of cancellation for 128 gold pieces
 19169 | D:13     | Noticed Jorgrun
 19174 | D:13     | Noticed Rupert
 19177 | D:13     | Killed Jorgrun
 19185 | D:13     | Killed Rupert
 19326 | D:13     | Noticed Kirke
 19330 | D:13     | Killed Kirke
 19844 | D:14     | Reached skill level 15 in Dodging
 19979 | D:14     | Found a gate to the Vaults.
 20579 | D:15     | Entered Level 15 of the Dungeon
 20663 | D:15     | Found an opulent altar of Gozag.
 20837 | D:15     | Reached XP level 16. HP: 101/101 MP: 23/23
 20871 | D:15     | Noticed Nessos
 20874 | D:15     | Killed Nessos
 20890 | D:15     | Received a gift from Okawaru
 21327 | D:15     | Gained mutation: You have hidden genetic defects. [a
                  | shining eye]
 21336 | D:15     | Lost mutation: You have hidden genetic defects. [potion of
                  | mutation]
 21336 | D:15     | Gained mutation: You occasionally lose the ability to drink
                  | potions when taking damage. [potion of mutation]
 21336 | D:15     | Gained mutation: Your body sometimes deteriorates upon
                  | taking damage. [potion of mutation]
 21336 | D:15     | Gained mutation: You have a pair of small horns on your
                  | head. [potion of mutation]
 21336 | D:15     | Gained mutation: You are robust. (+10% HP) [potion of
                  | mutation]
 21337 | D:15     | Lost mutation: Your body sometimes deteriorates upon taking
                  | damage. [potion of mutation]
 21337 | D:15     | Lost mutation: You have a pair of small horns on your head.
                  | [potion of mutation]
 21337 | D:15     | Gained mutation: You sometimes lose your temper in combat.
                  | [potion of mutation]
 21337 | D:15     | Gained mutation: You are dopey. (Int -2) [potion of
                  | mutation]
 21337 | D:15     | Gained mutation: You are strong-willed. (Will+) [potion of
                  | mutation]
 21338 | D:15     | Lost mutation: You sometimes lose your temper in combat.
                  | [potion of mutation]
 21338 | D:15     | Lost mutation: You are dopey. (Int -2) [potion of mutation]
 21338 | D:15     | Lost mutation: You are robust. (+10% HP) [potion of
                  | mutation]
 21338 | D:15     | Gained mutation: Your magical capacity is low. (-10% MP)
                  | [potion of mutation]
 21338 | D:15     | Gained mutation: Your mind is acute. (Int +4, Str/Dex -1)
                  | [potion of mutation]
 21339 | D:15     | Lost mutation: Your magical capacity is low. (-10% MP)
                  | [potion of mutation]
 21339 | D:15     | Lost mutation: You occasionally lose the ability to drink
                  | potions when taking damage. [potion of mutation]
 21339 | D:15     | Gained mutation: You are partially covered in iridescent
                  | scales. (AC +2) [potion of mutation]
 21339 | D:15     | Gained mutation: Your muscles are strong. (Str +4, Int/Dex
                  | -1) [potion of mutation]
 21351 | D:15     | Found a staircase to the Depths.
 21487 | D:15     | Found a transporter.
 21543 | D:15     | Found Vupp's Assorted Antiques.
 21643 | D:15     | Found a transporter.
 21896 | D:15     | Received a gift from Okawaru
 21899 | D:15     | Bought a potion of mutation for 264 gold pieces
 22185 | Swamp:1  | Entered Level 1 of the Swamp
 22283 | Swamp:1  | Found a transporter.
 22283 | Swamp:1  | Noticed a tentacled monstrosity
 22283 | Swamp:1  | Noticed a thorn hunter
 22288 | Swamp:1  | Noticed a thorn hunter
 22292 | Swamp:1  | Noticed a tentacled monstrosity
 22295 | Swamp:1  | Found a transporter.
 22383 | Swamp:1  | Identified the -2 tower shield of Rationality {rF+ Will+
                  | MP+9}
 22383 | Swamp:1  | Noticed Louise
 22389 | Swamp:1  | Killed Louise
 22475 | Swamp:1  | Noticed Nikola
 22480 | Swamp:1  | Killed Nikola
 22481 | Swamp:1  | Reached skill level 5 in Fighting
 22499 | Swamp:1  | Received a gift from Okawaru
 23057 | Swamp:2  | Identified the +8 flail of Wasas {drain, +Blink Will-
                  | Dex+5}
 23345 | Swamp:3  | Noticed a fenstrider witch
 23349 | Swamp:3  | Paralysed by a fenstrider witch for 4 turns
 23358 | Swamp:3  | Killed a fenstrider witch
 23358 | Swamp:3  | Received a gift from Okawaru
 23665 | Swamp:3  | Noticed a thorn hunter
 23959 | Swamp:3  | Noticed Donald
 23960 | Swamp:3  | Noticed a thorn hunter
 23970 | Swamp:3  | Killed Donald
 23976 | Swamp:3  | Killed a thorn hunter
 23977 | Swamp:3  | Reached skill level 10 in Fighting
 24141 | Swamp:3  | Reached XP level 17. HP: 129/129 MP: 24/24
 24364 | Swamp:3  | Noticed Roxanne
 24374 | Swamp:3  | Killed Roxanne
 24805 | Swamp:4  | Entered Level 4 of the Swamp
 24805 | Swamp:4  | Noticed Mlioglotl
 24813 | Swamp:4  | Killed Mlioglotl
 24951 | Swamp:4  | Received a gift from Okawaru
 25184 | Swamp:4  | Found a blossoming altar of Fedhas.
 25190 | Swamp:4  | Received a gift from Okawaru
 25234 | Swamp:4  | Got a decaying rune of Zot
 25256 | Swamp:4  | Found a basalt altar of Yredelemnul.
 25504 | Swamp:4  | Identified the serpent talisman of the Baku {rCorr}
 25504 | Swamp:4  | Noticed Aizul
 25516 | Swamp:4  | Killed Aizul
 25673 | Swamp:4  | Reached skill level 15 in Fighting
 25839 | Spider:1 | Entered Level 1 of the Spider Nest
 26126 | Spider:1 | Reached XP level 18. HP: 122/149 MP: 20/25
 26226 | Spider:1 | Received a gift from Okawaru
 27546 | Spider:3 | Found a runed translucent gate.
 27547 | Spider:3 | Found a runed translucent gate.
 27548 | Spider:3 | Found a runed translucent gate.
 27551 | Spider:3 | Noticed Autsider's ghost (adept DEHW)
 28345 | Spider:3 | Acquired a manual of Ranged Weapons
 28660 | Spider:3 | Killed Autsider's ghost
 28691 | Spider:3 | Identified the +0 pair of gloves of Byzud {*Corrode rN+
                  | Regen+ Int+6}
 28692 | Spider:3 | Identified the +4 pair of boots of Ocveg {rC+ Dex+2}
 28761 | Spider:4 | Entered Level 4 of the Spider Nest
 29449 | Spider:4 | Received a gift from Okawaru
 29733 | Spider:4 | Reached XP level 19. HP: 163/163 MP: 18/26
 29969 | Spider:4 | Reached XP level 20. HP: 170/170 MP: 27/27
 29978 | Spider:4 | Got a gossamer rune of Zot
 30393 | Elf:1    | Entered Level 1 of the Elven Halls
 30483 | Elf:1    | Found Syjy's Magic Scroll Shoppe.
 30488 | Elf:1    | Bought a scroll of poison for 44 gold pieces
 30488 | Elf:1    | Bought a scroll of blinking for 82 gold pieces
 30579 | Elf:1    | Received a gift from Okawaru
 30655 | Elf:1    | Identified the +7 dagger of the Spider Nest {freeze, rElec
                  | rN++ Will- Dex-2}
 31183 | Elf:2    | Found Rudu's Magic Scroll Shoppe.
 31276 | Elf:2    | Bought a scroll of blinking for 142 gold pieces
 31276 | Elf:2    | Bought a scroll of blinking for 142 gold pieces
 31276 | Elf:2    | Bought a scroll of enchant weapon for 142 gold pieces
 31503 | Elf:2    | Found a runed translucent gate.
 31504 | Elf:2    | Found a runed translucent gate.
 31504 | Elf:2    | Found a runed translucent gate.
 31556 | Elf:2    | Received a gift from Okawaru
 31973 | Elf:2    | Received a gift from Okawaru
 32138 | Elf:3    | Entered Level 3 of the Elven Halls
 32490 | Vaults:1 | Entered Level 1 of the Vaults
 32624 | Vaults:1 | Reached XP level 21. HP: 163/184 MP: 28/28
 33401 | Vaults:1 | Received a gift from Okawaru
 34728 | Vaults:2 | Received a gift from Okawaru
 35129 | Vaults:2 | Found a staircase to the Crypt.
 35129 | Vaults:2 | Found a basalt altar of Yredelemnul.
 35129 | Vaults:2 | Found an ancient bone altar of Kikubaaqudgha.
 35181 | Vaults:2 | Found Juaclyoj's Assorted Antiques.
 35190 | Vaults:2 | Bought a steaming ring mail for 288 gold pieces
 35190 | Vaults:2 | Identified the +1 ring mail of Decompression {rElec} (You
                  | bought it in a shop on level 2 of the Vaults)
 35561 | Vaults:2 | Paralysed by a sphinx for 4 turns
 35638 | Vaults:2 | Received a gift from Okawaru
 35969 | Vaults:3 | Reached XP level 22. HP: 196/196 MP: 29/29
 36134 | Vaults:3 | Identified the +4 robe "Edimpaif" {-Cast ^Contam rF++ rN+}
 36134 | Vaults:3 | Noticed Boris
 36143 | Vaults:3 | Killed Boris
 36144 | Vaults:3 | Reached skill level 2 in Evocations
 36197 | Vaults:3 | Reached skill level 3 in Evocations
 36345 | Vaults:3 | Reached skill level 4 in Evocations
 36386 | Vaults:3 | Received a gift from Okawaru
 36511 | Vaults:3 | Reached skill level 5 in Evocations
 36758 | Vaults:3 | Identified the +1 pair of gloves of Living New Discoveries
                  | {rElec rF++ Dex-2 Stlth+}
 36799 | Vaults:3 | Reached skill level 6 in Evocations
 36937 | Vaults:3 | Found Hiehi's General Store.
 36942 | Vaults:3 | Bought a scroll of blinking for 135 gold pieces
 37160 | Vaults:4 | Reached skill level 7 in Evocations
 37281 | Vaults:4 | Reached skill level 8 in Evocations
 37588 | Vaults:4 | Received a gift from Okawaru
 37984 | Vaults:4 | Reached skill level 9 in Evocations
 38306 | Vaults:4 | Found a runed translucent door.
 38306 | Vaults:4 | Noticed Hociexiyce's ghost (veteran DjFE)
 38331 | Vaults:4 | Killed Hociexiyce's ghost
 38470 | Vaults:4 | Found Haojago's Assorted Antiques.
 38482 | Vaults:4 | Bought a lightning rod (4/4) for 1800 gold pieces
 38495 | Vaults:4 | Reached skill level 10 in Evocations
 38563 | Vaults:4 | Identified the +2 falchion "Rocu Ure" {freeze, rPois Str+2}
 38809 | Depths:1 | Entered Level 1 of the Depths
 39035 | Depths:1 | Found a shimmering altar of Xom.
 39157 | Depths:1 | Found a glowing golden altar of the Shining One.
 39309 | Depths:1 | Found a gateway to Hell.
 39548 | Depths:2 | Reached skill level 11 in Evocations
 39561 | Depths:2 | Received a gift from Okawaru
 39579 | Depths:2 | Found Pohasoc's Distillery.
 39581 | Depths:2 | Found Genwail's Distillery.
 39583 | Depths:2 | Found Anaemiav's Jewellery Shop.
 39587 | Depths:2 | Bought a potion of mutation for 184 gold pieces
 39587 | Depths:2 | Bought a potion of cancellation for 184 gold pieces
 39587 | Depths:2 | Bought a potion of resistance for 230 gold pieces
 39587 | Depths:2 | Bought a potion of degeneration for 23 gold pieces
 39590 | Depths:2 | Bought a potion of invisibility for 112 gold pieces
 39590 | Depths:2 | Bought a potion of heal wounds for 70 gold pieces
 39590 | Depths:2 | Bought a potion of mutation for 112 gold pieces
 39590 | Depths:2 | Bought a potion of haste for 140 gold pieces
 39636 | Depths:2 | Reached skill level 12 in Evocations
 39650 | Depths:2 | Found a one-way gate leading to the halls of Pandemonium.
 39667 | Depths:2 | Identified the +4 robe "Seyv" {+Blink Str-3 Int+5}
 39667 | Depths:2 | Noticed Boris
 39674 | Depths:2 | Killed Boris
 39869 | Depths:2 | Found a magical portal.
 39878 | WizLab   | Entered The Chambers of the Cloud Mage
 40091 | WizLab   | Paralysed by an air elemental for 1 turns
 40137 | WizLab   | Reached skill level 13 in Evocations
 40309 | WizLab   | Reached XP level 23. HP: 168/203 MP: 24/31
 40493 | WizLab   | Got the Quarto of Voltage
 40638 | Depths:2 | Received a gift from Okawaru
 40852 | Depths:2 | Found the +4 skin of Zhor {*Englaciate rC+++ SInv}
 40864 | Depths:2 | Reached skill level 14 in Evocations
 40911 | Depths:2 | You fall into a shaft and drop 1 floor!
 41333 | Depths:2 | Reached skill level 15 in Evocations
 41384 | Depths:2 | Noticed a golden dragon
 41391 | Depths:2 | Killed a golden dragon
 42062 | Depths:3 | Reached skill level 16 in Evocations
 42149 | Depths:3 | Received a gift from Okawaru
 42382 | Depths:3 | Found a one-way gate to the infinite horrors of the Abyss.
 42423 | Depths:3 | Reached skill level 17 in Evocations
 42883 | Depths:3 | Identified the +1 scale mail of Grace {rN+++ rCorr Str-2
                  | Slay+3}
 42933 | Depths:3 | Received a gift from Okawaru
 43128 | Depths:3 | Reached skill level 18 in Evocations
 43383 | Depths:3 | Got the Grimoire of the Red Brume
 43510 | Depths:4 | Entered Level 4 of the Depths
 43549 | Depths:4 | Reached XP level 24. HP: 137/210 MP: 27/32
 43593 | Depths:4 | Received a gift from Okawaru
 43594 | Depths:4 | Reached skill level 19 in Evocations
 43742 | Depths:4 | Found a one-way gateway to a ziggurat.
 43965 | Depths:4 | Found a gate to the Realm of Zot.
 43993 | Depths:4 | Identified the +3 robe "Jusos" {rElec rN+ Will-}
 43993 | Depths:4 | Noticed Boris
 44002 | Depths:4 | Killed Boris
 44009 | Depths:4 | Reached skill level 20 in Evocations
 44897 | Elf:3    | Found Damoaxt's Distillery.
 44904 | Elf:3    | Received a gift from Okawaru
 44908 | Elf:3    | Found Lamop's General Store.
 44908 | Elf:3    | Found Qom Napp's Distillery.
 44916 | Elf:3    | Found Toax's Armour Shoppe.
 44918 | Elf:3    | Bought a potion of resistance for 140 gold pieces
 44918 | Elf:3    | Bought a potion of heal wounds for 70 gold pieces
 44918 | Elf:3    | Bought a potion of heal wounds for 70 gold pieces
 44918 | Elf:3    | Bought a potion of haste for 140 gold pieces
 44933 | Elf:3    | Bought a potion of haste for 190 gold pieces
 44933 | Elf:3    | Bought a potion of cancellation for 152 gold pieces
 44933 | Elf:3    | Bought a potion of resistance for 190 gold pieces
 45375 | Elf:3    | Reached skill level 21 in Evocations
 45389 | Abyss:3  | Cast into level 3 of the Abyss (a deep elf demonologist)
 45428 | Abyss:3  | Found a corrupted altar of Lugonu.
 45503 | Elf:3    | Escaped the Abyss
 45652 | Elf:3    | Received a gift from Okawaru
 45684 | Elf:3    | Reached skill level 22 in Evocations
 46155 | Elf:3    | Identified the +7 orcbow of Tamatah {heavy, +Blink Str-2
                  | Stlth+}
 46157 | Elf:3    | Got the Almanac of the Tektite
 46158 | Elf:3    | Identified the +1 robe of the Everdark {Str+5 Int-2
                  | Archmagi}
 46178 | Elf:3    | Identified the +9 dagger of True Grit {freeze, rN+ Str+2
                  | Stlth+}
 46193 | Elf:3    | Found the dreamshard necklace {Acrobat *Dream}
 46265 | Elf:3    | Identified the ring "Vifas" {rC- rCorr Str+3 Dex+6}
 46624 | Slime:1  | Entered Level 1 of the Pits of Slime
 46690 | Slime:1  | Reached skill level 1 in Shapeshifting
 47005 | Slime:1  | Reached XP level 25. HP: 130/217 MP: 33/33
 47606 | Slime:2  | Received a gift from Okawaru
 47649 | Slime:2  | Noticed Dissolution
 47656 | Slime:2  | Killed Dissolution
 47814 | Slime:3  | Reached skill level 23 in Evocations
 48480 | Slime:4  | Gained mutation: You occasionally lose the ability to drink
                  | potions when taking damage. [a shining eye]
 48482 | Slime:4  | Gained mutation: You are clumsy. (Dex -2) [a shining eye]
 48489 | Slime:4  | Gained mutation: You sometimes lose the ability to drink
                  | potions when taking damage. [a shining eye]
 48491 | Slime:4  | Gained mutation: You occasionally shout uncontrollably at
                  | your foes. [a shining eye]
 49023 | Slime:5  | Entered Level 5 of the Pits of Slime
 49067 | Slime:4  | Gained mutation: Your body sometimes deteriorates upon
                  | taking damage. [a shining eye]
 49220 | Slime:3  | Lost mutation: Your mind is acute. (Int +4, Str/Dex -1)
                  | [potion of mutation]
 49220 | Slime:3  | Lost mutation: Your body sometimes deteriorates upon taking
                  | damage. [potion of mutation]
 49220 | Slime:3  | Lost mutation: You sometimes lose the ability to drink
                  | potions when taking damage. [potion of mutation]
 49221 | Slime:3  | Lost mutation: You are strong-willed. (Will+) [potion of
                  | mutation]
 49221 | Slime:3  | Lost mutation: You are clumsy. (Dex -2) [potion of
                  | mutation]
 49221 | Slime:3  | Lost mutation: Your muscles are strong. (Str +4, Int/Dex
                  | -1) [potion of mutation]
 49221 | Slime:3  | Gained mutation: You are agile. (Dex +4, Str/Int -1)
                  | [potion of mutation]
 49380 | Slime:5  | Reached skill level 24 in Evocations
 49396 | Slime:5  | Noticed the Royal Jelly
 49399 | Slime:5  | Killed the Royal Jelly
 49399 | Slime:5  | Received a gift from Okawaru
 49400 | Slime:5  | Reached skill level 5 in Shapeshifting
 49666 | Slime:5  | Identified the +9 sling "Qoubeasch" {freeze, rF+ Str+2}
 49720 | Slime:5  | Identified the +6 double sword of Courage {venom, rN+
                  | Int+4}
 49727 | Slime:5  | Got a slimy rune of Zot
 49793 | Slime:5  | Found the +8 lance "Wyrmbane" {slay drac, rPois rF+ rC+
                  | AC+3}
 49796 | Slime:5  | Identified the ring of Okawaru's Benevolence {Fire Int+2
                  | Stlth+}
 49806 | Slime:5  | Identified the +1 shortbow "Grim" {flame, rElec Int+2}
 49815 | Slime:5  | Identified the +5 broad axe of Lydyuplyv {freeze, rCorr
                  | Dex+3}
 50285 | Slime:5  | Reached skill level 25 in Evocations
 51070 | Depths:3 | Voluntarily entered the Abyss.
 51232 | Abyss:3  | Received a gift from Okawaru
 51276 | Abyss:3  | Got an abyssal rune of Zot
 51288 | Depths:3 | Escaped the Abyss
 51786 | Vaults:5 | Entered Level 5 of the Vaults
 51792 | Vaults:5 | Reached XP level 26. HP: 114/224 MP: 33/33
 52061 | Vaults:5 | Reached skill level 26 in Evocations
 52096 | Vaults:5 | Received a gift from Okawaru
 52318 | Vaults:5 | Identified the ring "Qumedy" {Wiz rC+ Dex+2}
 52404 | Vaults:5 | Identified the +3 robe "Ret Ozu" {rPois Int-5 Dex+2 Stlth+}
 52404 | Vaults:5 | Identified the ring "Yteicvet" {rN+ rCorr Str+3 Int-5
                  | Dex+5}
 52404 | Vaults:5 | Noticed Boris
 52406 | Vaults:5 | Killed Boris
 52498 | Vaults:5 | Reached skill level 27 in Evocations
 52551 | Vaults:5 | Found the +3 crown of Dyrovepreva {rElec Int+2 SInv}
 52556 | Vaults:5 | Identified the staff of Subterfuge {rC+ Int+3 Conj Ice}
 52573 | Vaults:5 | Got a silver rune of Zot
 52938 | Vaults:5 | Received a gift from Okawaru
 53084 | Vaults:5 | Got the Volume of Congelation and Places
 53093 | Vaults:5 | Identified the +10 crystal plate armour of Defiance {Dex+3}
 53097 | Vaults:5 | Identified the staff "Ytov" {+Blink rN+ Necro}
 53167 | Vaults:5 | Reached skill level 10 in Shapeshifting
 53519 | Vaults:5 | Got Qoerrunk's Lost Secrets of Hermetics
 54091 | Zot:1    | Entered Level 1 of the Realm of Zot
 54407 | Zot:1    | Received a gift from Okawaru
 54477 | Zot:1    | Noticed an ancient lich
 54482 | Zot:1    | Killed an ancient lich
 54498 | Zot:1    | Noticed an orb of fire
 54503 | Zot:1    | Killed an orb of fire
 54504 | Zot:1    | Reached XP level 27. HP: 231/231 MP: 33/33
 54741 | Zot:1    | Received a gift from Okawaru
 55275 | Zot:1    | You fall into a shaft and drop 1 floor!
 55587 | Zot:2    | Received a gift from Okawaru
 55646 | Zot:2    | Reached skill level 15 in Shapeshifting
 55707 | Zot:2    | Found the +4 dragonskin cloak {Aegis}
 55707 | Zot:2    | Noticed Tiamat
 55730 | Zot:2    | Killed Tiamat
 55772 | Zot:2    | HP: 7/231 [black draconian knight/+3 great sword of holy
                  | wrath[a red draconian scorcher] (14)]
 57215 | Zot:3    | Found a transporter.
 57280 | Zot:3    | Found a transporter.
 57330 | Zot:3    | Received a gift from Okawaru
 58255 | Zot:4    | Received a gift from Okawaru
 58942 | Zot:5    | Entered Level 5 of the Realm of Zot
 59505 | Zot:5    | Noticed a dread lich
 59507 | Zot:5    | Noticed an orb of fire
 59521 | Zot:5    | Killed an orb of fire
 59524 | Zot:5    | Killed a dread lich
 59541 | Zot:5    | Received a gift from Okawaru
 59606 | Zot:5    | Noticed an ancient lich
 59611 | Zot:5    | Killed an ancient lich
 59620 | Zot:5    | Noticed an orb of fire
 59621 | Zot:5    | Gained mutation: You are weak. (Str -2) [an orb of fire]
 59622 | Zot:5    | Gained mutation: Your spells are a little easier to cast,
                  | but a little less powerful. [an orb of fire]
 59626 | Zot:5    | Killed an orb of fire
 59711 | Zot:5    | Noticed an orb of fire
 59740 | Zot:5    | Lost mutation: You are agile. (Dex +4, Str/Int -1) [an orb
                  | of fire]
 59746 | Zot:5    | Killed an orb of fire
 59746 | Zot:5    | Noticed an ancient lich
 59751 | Zot:5    | Killed an ancient lich
 59917 | Zot:5    | Noticed an orb of fire
 59937 | Zot:5    | Killed an orb of fire
 59946 | Zot:5    | Noticed an orb of fire
 59958 | Zot:5    | Gained mutation: You are very weak. (Str -4) [an orb of
                  | fire]
 59968 | Zot:5    | Killed an orb of fire
 59968 | Zot:5    | Noticed an orb of fire
 59971 | Zot:5    | Received a gift from Okawaru
 59977 | Zot:5    | Killed an orb of fire
 59985 | Zot:5    | Noticed an orb of fire
 59999 | Zot:5    | Gained mutation: Potions are less effective at restoring
                  | your health. [an orb of fire]
 60003 | Zot:5    | Killed an orb of fire
 60218 | Zot:5    | Noticed an orb of fire
 60219 | Zot:5    | Gained mutation: You are occasionally teleported next to
                  | monsters. [an orb of fire]
 60227 | Zot:5    | Killed an orb of fire
 60663 | Zot:5    | Lost mutation: You occasionally shout uncontrollably at
                  | your foes. [potion of mutation]
 60663 | Zot:5    | Lost mutation: Your spells are a little easier to cast, but
                  | a little less powerful. [potion of mutation]
 60663 | Zot:5    | Gained mutation: Your spells are a little easier to cast,
                  | but a little less powerful. [potion of mutation]
 60663 | Zot:5    | Gained mutation: You have a pair of small horns on your
                  | head. [potion of mutation]
 60664 | Zot:5    | Lost mutation: You occasionally lose the ability to drink
                  | potions when taking damage. [potion of mutation]
 60664 | Zot:5    | Lost mutation: You are partially covered in iridescent
                  | scales. (AC +2) [potion of mutation]
 60664 | Zot:5    | Gained mutation: You are agile. (Dex +4, Str/Int -1)
                  | [potion of mutation]
 60664 | Zot:5    | Lost mutation: Your spells are a little easier to cast, but
                  | a little less powerful. [potion of mutation]
 60664 | Zot:5    | Gained mutation: Your flesh is heat resistant. (rF+)
                  | [potion of mutation]
 60665 | Zot:5    | Lost mutation: Potions are less effective at restoring your
                  | health. [potion of mutation]
 60665 | Zot:5    | Lost mutation: You are very weak. (Str -4) [potion of
                  | mutation]
 60665 | Zot:5    | Lost mutation: You are occasionally teleported next to
                  | monsters. [potion of mutation]
 60665 | Zot:5    | Lost mutation: You are agile. (Dex +4, Str/Int -1) [potion
                  | of mutation]
 60665 | Zot:5    | Gained mutation: Your magical capacity is low. (-10% MP)
                  | [potion of mutation]
 60837 | Hell     | Entered the Vestibule of Hell
 60837 | Hell     | Noticed Geryon
 60849 | Hell     | Killed Geryon
 61549 | Hell     | Received a gift from Okawaru
 62308 | Hell     | Found a gateway to the decaying netherworld of Tartarus.
 62390 | Hell     | Found a gateway to the ashen valley of Gehenna.
 62472 | Hell     | Found a gateway to the Iron City of Dis.
 62516 | Hell     | Found a gateway to the freezing wastes of Cocytus.
 62693 | Pan      | Entered Pandemonium
 62703 | Pan      | Noticed Loduk the pandemonium lord
 62717 | Pan      | Killed Loduk the pandemonium lord
 63249 | Pan      | Found an exit through the horrors of the Abyss.
 63615 | Pan      | Found an exit through the horrors of the Abyss.
 63749 | Pan      | Received a gift from Okawaru
 64010 | Pan      | Noticed Ciong the pandemonium lord
 64018 | Pan      | Killed Ciong the pandemonium lord
 64080 | Pan      | Identified the +4 mace "Juicvish" {freeze, rElec Str+3}
 64403 | Pan      | Identified the +5 falchion "Giantbane" {flame, ^Drain
                  | ^Fragile +Blink rCorr}
 64463 | Pan      | Noticed Taust the pandemonium lord
 64470 | Pan      | Killed Taust the pandemonium lord
 64515 | Pan      | Identified the +3 great sword of Sekexer {freeze, ^Drain
                  | Int+3 Dex+4}
 64574 | Pan      | Received a gift from Okawaru
 65563 | Pan      | Noticed Koekuu the pandemonium lord
 65572 | Pan      | Killed Koekuu the pandemonium lord
 65781 | Pan      | Found an exit through the horrors of the Abyss.
 65887 | Pan      | Learned a level 6 spell: Dispersal
 65896 | Pan      | Learned a level 8 spell: Disjunction
 65905 | Pan      | Learned a level 8 spell: Discord
 65942 | Pan      | Entered the realm of Lom Lobon.
 65956 | Pan      | Reached skill level 1 in Translocations
 65957 | Pan      | Reached skill level 1 in Spellcasting
 66399 | Pan      | Received a gift from Okawaru
 66755 | Pan      | Noticed Lom Lobon
 66770 | Pan      | Killed Lom Lobon
 66771 | Pan      | Reached skill level 5 in Translocations
 66792 | Pan      | Got a magical rune of Zot
 67242 | Pan      | Reached skill level 5 in Spellcasting
 67280 | Pan      | Noticed Mal Qeel the pandemonium lord
 67297 | Pan      | Killed Mal Qeel the pandemonium lord
 67305 | Pan      | Received a gift from Okawaru
 67607 | Pan      | Got Wafrioq's Omnibus of the Jaunt
 67851 | Pan      | Found an exit through the horrors of the Abyss.
 68202 | Pan      | Took an exit into the Abyss.
 68202 | Abyss:3  | Escaped into the Abyss
 68225 | Depths:2 | Escaped the Abyss
 68232 | Depths:2 | Lost mutation: You have a pair of small horns on your head.
                  | [potion of mutation]
 68232 | Depths:2 | Lost mutation: You are weak. (Str -2) [potion of mutation]
 68232 | Depths:2 | Lost mutation: Your magical capacity is low. (-10% MP)
                  | [potion of mutation]
 68232 | Depths:2 | Gained mutation: Your mind is acute. (Int +4, Str/Dex -1)
                  | [potion of mutation]
 68232 | Depths:2 | Gained mutation: You are agile. (Dex +4, Str/Int -1)
                  | [potion of mutation]
 68506 | Crypt:1  | Entered Level 1 of the Crypt
 68723 | Crypt:1  | Received a gift from Okawaru
 68911 | Crypt:1  | Found a basalt altar of Yredelemnul.
 70230 | Crypt:3  | Entered Level 3 of the Crypt
 70417 | Crypt:3  | Received a gift from Okawaru
 70441 | Crypt:3  | Reached skill level 10 in Translocations
 70534 | Crypt:3  | Found a basalt altar of Yredelemnul.
 70845 | Crypt:3  | Identified the staff of Sihaf {rElec Will++ Earth}
 70848 | Crypt:3  | Identified the +8 long sword of Offence {heavy, *Rage rPois
                  | rC+ rCorr}
 71037 | Crypt:3  | Found a staircase to the Tomb.
 71167 | Crypt:3  | Identified the orb "Tucrui Ucuho" {*channel, rF+ rN+}
 71167 | Crypt:3  | Noticed Frederick
 71180 | Crypt:3  | Killed Frederick
 71341 | Crypt:3  | Received a gift from Okawaru
 72044 | Pan      | Entered Pandemonium
 72044 | Pan      | Noticed Myashruys the pandemonium lord
 72060 | Pan      | Reached skill level 10 in Spellcasting
 72086 | Pan      | Killed Myashruys the pandemonium lord
 72344 | Pan      | Got a demonic rune of Zot
 73265 | Pan      | Noticed Amurghu the pandemonium lord
 73273 | Pan      | Killed Amurghu the pandemonium lord
 73273 | Pan      | Received a gift from Okawaru
 74387 | Pan      | Received a gift from Okawaru
 74543 | Pan      | Noticed Saikluh the pandemonium lord
 74770 | Pan      | Killed Saikluh the pandemonium lord
 75677 | Pan      | Noticed Pimokos the pandemonium lord
 75685 | Pan      | Killed Pimokos the pandemonium lord
 75929 | Pan      | Entered the realm of Mnoleg.
 76062 | Pan      | Found an exit through the horrors of the Abyss.
 76084 | Pan      | Received a gift from Okawaru
 76116 | Pan      | Reached skill level 15 in Translocations
 76578 | Pan      | Noticed Mnoleg
 76603 | Pan      | Killed Mnoleg
 76790 | Pan      | Got a glowing rune of Zot
 77273 | Pan      | Received a gift from Okawaru
 77297 | Pan      | Found an exit through the horrors of the Abyss.
 77671 | Pan      | Found an exit through the horrors of the Abyss.
 77675 | Pan      | Identified the +4 orcbow of Unpleasantness {freeze, rN+}
 77728 | Pan      | Noticed Hidghowut the pandemonium lord
 77750 | Pan      | Killed Hidghowut the pandemonium lord
 78058 | Pan      | Entered the realm of Cerebov.
 78060 | Pan      | Found the +6 sword of Cerebov {flame}
 78060 | Pan      | Noticed Cerebov
 78124 | Pan      | HP: 10/231 [balrug/divine providence (13)]
 78935 | Pan      | Killed Cerebov
 79156 | Pan      | Got a fiery rune of Zot
 79269 | Pan      | Identified the +0 shortbow "Atisyul" {freeze, +Blink Will++
                  | Int+3}
 79279 | Pan      | Got the Cyclopedia of Gusty Firn
 79308 | Pan      | Identified the staff of Putrescence {rPois Str+4 Dex+2
                  | Alchemy}
 79351 | Pan      | Got the Catalogue of the Actinic Syncline
 79352 | Pan      | Identified the +0 ring mail of Puxzoll {rElec Int+5 Slay-3}
 79361 | Pan      | Got Leedgh's Reference Book on Curses
 79378 | Pan      | Identified the scarf "Sekh" {shadows, rC+ Regen+}
 79379 | Pan      | Identified the scarf of Paypped {repulsion, Str+4}
 79554 | Pan      | Reached skill level 15 in Spellcasting
 79612 | Pan      | Entered the realm of Gloorx Vloq.
 79767 | Pan      | Noticed Gloorx Vloq
 79778 | Pan      | Killed Gloorx Vloq
 79859 | Pan      | Got a dark rune of Zot
 79908 | Pan      | HP: 8/231 [reaper/+2 heavy scythe (41)]
 79913 | Pan      | Mangled by a juggernaut skeleton

Illustrated notes

Levels and vault maps discovered:
D:1:      wheals_arrival_shading, layout_basic, minivault_11, st_stairs_7,
          patterned_corridor
D:2:      layout_rooms, serial_shops, shop, shop,
          nicolae_shop_overgrown_old_shop,
          dreamdust_ecumenical_altar_drowned_temple, serial_undead,
          serial_undead_e, serial_undead_f, serial_undead_a, serial_undead_b
D:3:      layout_loops_ring, mainiacjoe_overflow_six_doors_small,
          nicolae_qazlal_style_of_elements, minmay_puff
D:4:      layout_cave_pools, vehumet_altar_wand_db,
          gammafunk_temple_overflow_pools, minitemple, kennysheep_minor_cross,
          uniq_menkaure, uniq_robin
D:5:      layout_rooms, marbit_many_paths, lemuel_coloured_pillars_altar,
          pf_just_have_faith, minivault_27, grunt_ministairs_1
D:6:      layout_basic
D:7:      layout_loops_corners, mainiacjoe_overflow_small_starburst,
          lemuel_doored_altar, minmay_temple_entry_antechambers
D:8:      layout_cave_pools, mainiacjoe_overflow_brackets
D:9:      layout_irregular_city, kiku_gazebo_garden_becter
D:10:     layout_basic, serial_shops, nicolae_shop_bloodbath_and_beyond,
          due_unseen_surprise
D:11:     layout_roguey, due_lair_maze_entry_diamond, serial_bayou,
          serial_bayou_shore_a, serial_bayou_crossing, serial_bayou_lake_a,
          serial_bayou_lagoon_a, serial_bayou_pond_e, uniq_snorg
D:12:     layout_basic, david_orc_2
D:13:     layout_basic, uniq_kirke, uniq_rupert, uniq_jorgrun
D:14:     layout_basic, ximxim_vaults_locker_room
D:15:     gammafunk_enter_depths_forms, layout_loops_ring, serial_shops,
          nicolae_shop_drivethru, old_standard_altar, uniq_nessos
Temple:   hellmonk_temple_beads
Lair:1:   layout_roguey, enter_volcano_1, nicolae_lair_grazing_beasts
          [nicolae_sub_lair_graze_edge, nicolae_sub_lair_graze_edge,
          nicolae_sub_lair_graze_edge, nicolae_sub_lair_graze_edge]
Lair:2:   layout_roguey, swamp_mist, nicolae_spider_entry_orb_guardian,
          grunt_megastairs_3, serial_bayou_shore_b
Lair:3:   layout_concentric_octagons, pdpol_lair_neglected_garden,
          uniq_josephine
Lair:4:   layout_cave_pods, minmay_slime_entry_pillars, serial_bayou,
          serial_bayou_pond_e, serial_bayou_pond_c, serial_bayou_pond_d,
          serial_bayou_pond_e, grunt_forest_small_clearings,
          eino_small_chamber_without_monster, disabler_island
Lair:5:   minmay_lair_end_enchanted_forest, layout_regular_city,
          ebering_ghost_xom, st_stairs_3
Swamp:1:  gammafunk_sealed_arena, layout_basic_swamp,
          evilmike_swamp_ruin_rubble_2, uniq_louise, uniq_nikola
Swamp:2:  layout_falls_marsh, evilmike_swamp_ruin_house_5
Swamp:3:  layout_falls_marsh, evilmike_swamp_ruin_house_1,
          infiniplex_staircase_pool_2, nicolae_swamp_tree_isthmus,
          nicolae_swamp_decorative_isthmus, uniq_roxanne, uniq_donald
Swamp:4:  byrel_swamp_growth_death_and_undeath, layout_basic_swamp,
          uniq_mlioglotl, uniq_aizul
Spider:1: layout_spider_delve
Spider:2: layout_spider_delve, hangedman_spider_tarantella_strand
Spider:3: layout_spider_delve, gammafunk_ghost_tricky_traps
Spider:4: floodkiller_spider_rune_tomb
Slime:1:  layout_caves, nicolae_slime_phagocytosis
Slime:2:  layout_caves, uniq_dissolution
Slime:3:  layout_caves
Slime:4:  layout_caves
Slime:5:  slime_pit_nicolae_block_by_block
Orc:1:    layout_caves, serial_shops, nicolae_shop_behind_doors, basic_altar
Orc:2:    grunt_orc_tribal_feast, layout_diamond_mine, nicolae_orc_lava_room
Elf:1:    eino_elf_arrival_the_gate, layout_geoelf_octagon, serial_shops,
          nicolae_diamond_shop, hangedman_elven_crosses_minicolossus
Elf:2:    nicolae_elf_blades_crystal_corner, layout_geoelf_grid, serial_shops,
          nicolae_shop_crystal, dreamdust_wishing_well, minivault_15
Elf:3:    minmay_elf_hall_four_x, layout_gridlike, minmay_shoptagon
Vaults:1: hangedman_vaults_locks, vaults_room_door_ring, ontoclasm_vaults_spin,
          nicolae_vaults_minivaults, vaults_dpeg_cross,
          ontoclasm_vaults_ring_square, nicolae_vaults_two_Ls,
          layout_vaults_omnigrid
Vaults:2: v_misc_33, dpeg_vaults_monster_row, nicolae_vaults_network_periphery,
          vaults_standard_mumra_lines, nicolae_vaults_two_Ls,
          nicolae_vaults_off_center_swirl, nicolae_vaults_storage_room_glass,
          v_misc_5, nicolae_vaults_closet_pinwheel_5, vaults_mumra_chevron_long,
          minmay_crypt_entry_necro_gods, nicolae_vaults_oval_intersection,
          layout_vaults_omnibox, serial_shops, nicolae_lakefront_shop
Vaults:3: vaults_mumra_bighexcomb, nicolae_vaults_three_branches,
          vaults_room_grunt_arrival_checkpoint, vaults_room_octagon,
          nicolae_vaults_puzzle_piece, nicolae_vaults_surprise_closet,
          nicolae_vaults_network_quinsquares
          [nicolae_vaults_network_quincunx_subvault,
          nicolae_vaults_network_quincunx_subvault,
          nicolae_vaults_network_quincunx_subvault,
          nicolae_vaults_network_quincunx_subvault], hangedman_vaults_slice,
          ontoclasm_vaults_decontamination, grunt_vaults_focal,
          nicolae_vaults_diagonal_hallway_9,
          nicolae_vaults_variable_pillar_hall,
          serial_library_hellmonk_open_square, layout_vaults_ring, serial_shops,
          nicolae_shop_hallway_stairs, uniq_boris
Vaults:4: hellmonk_ghost_happy_afterlife, nicolae_vaults_swerve,
          hangedman_vaults_corner, nicolae_vaults_apartment_1,
          vaults_room_hallway, v_alt_pattern_3,
          nicolae_vaults_closet_pinwheel_5, nicolae_vaults_trapezoid_3,
          v_misc_26, nicolae_vaults_tetromino_Z_1, nicolae_vaults_tetromino_Z_1,
          nicolae_vaults_gold_heap, layout_vaults_chaotic_city, serial_shops,
          nicolae_shop_tiny_glass
Vaults:5
Crypt:1:  layout_regular_city, basic_altar, grunt_ministairs_8,
          lemuel_nasty_fountain, grunt_crypt_arrival_split
Crypt:2:  layout_chaotic_city, corexii_leaking_fountain
Crypt:3:  church_of_pain_bobbens, layout_chaotic_city, minivault_19,
          skrybe_necro_troll_2, uniq_frederick
Depths:1: layout_basic, xom_teletrap_fun, hangedman_tar_grid_catacomb,
          tso_metal_star
Depths:2: minmay_glassy_protrusions, layout_cross,
          chequers_serial_rivers_micro_d, infiniplex_enter_wizlab_water,
          grunt_pan_entry_sceptre, grunt_hell_horde,
          chequers_serial_rivers_large_b, minmay_shop_star,
          infiniplex_staircase_pillars_3b
Depths:3: minmay_spiral_squares, layout_cave_pools, abyss_entry,
          hangedman_geh_valley, nicolae_concentric_dashed_squares_mild
Depths:4: grunt_zot_entry_bicorn, layout_cave_pools, enter_ziggurat_e,
          serial_library_hellmonk_room_c, hell_entry
Hell
Zot:1:    grunt_deathspiral_small, layout_onion, skrybe_zot_glass_2
Zot:2:    gammafunk_mikee_crab_dinner, layout_onion_interference,
          regret_index_zotdec_twisting_globes, uniq_tiamat
Zot:3:    gammafunk_its_a_trap, layout_onion_interference
Zot:4:    layout_gridlike
Zot:5:    layout_concentric_octagons, regret_index_zotdec_plus,
          skrybe_zot_glass_3
Pan:      nicolae_pan_door_chamber, layout_pan_divisions_a
          [pan_division_quadrant_a6, pan_division_quadrant_a4,
          pan_division_quadrant_a4, pan_division_quadrant_a2,
          pan_division_octagon_halves], grunt_pan_sceptre, layout_basic,
          nicolae_pan_lom_lobonic_4, evilmike_mini_pan_branches,
          layout_small_grid, nicolae_pan_mnolegish_1,
          evilmike_mini_pan_other_thingy, layout_basic,
          lom_lobon_grunt_wind_tunnels, layout_basic, evilmike_mini_pan_layers,
          layout_onion_city, nicolae_pan_mnolegish_1,
          evilmike_mini_pan_corridor, layout_cellular_growth,
          nicolae_pan_mnolegish_3, pan_blood_fountain_1, grunt_pan_pentagram,
          layout_irregular_city, pan_blood_fountain_1,
          regret_index_pan_draining_boxed, layout_rooms, pan_blood_fountain_1,
          rand_demon_6, layout_gridville, evilmike_mini_pan_3x3, layout_rooms,
          nicolae_pan_lom_lobonic_4, nicolae_pan_strange_glyphs
          [nicolae_pan_strange_glyph_angst, nicolae_pan_strange_glyph_fear,
          nicolae_pan_strange_glyph_rage,
          nicolae_pan_strange_glyph_disappointment,
          nicolae_pan_strange_glyph_disappointment], nicolae_pan_sigil_eeng,
          evilmike_mnoleg_eyes, layout_gridlike, nicolae_pan_mnolegish_3,
          pan_blood_fountain_small, lemuel_hall_of_pain, layout_irregular_city,
          evilmike_mini_pan_diamond, layout_grid_shapes,
          pan_blood_fountain_small, cerebov, layout_gridville,
          gloorx_vloq_grunt_torture_chamber, layout_basic,
          nicolae_pan_mnolegish_2

Skill      XL: |  1  2  3  4  5  6  7  8  9 10 11 12 13 14 15 16 17 18 19 20 21 22 23 24 25 26 27 |
---------------+----------------------------------------------------------------------------------+-----
Dodging        | 2 3 4 5 7 8 9 10 11 12 15 17 18 19 20 21 22 | 22.0
Ranged Weapons | 4 5 6 7 8 10 12 13 15 16 17 18 | 18.0
Invocations    | 1 2 3 5 6 8 9 10 11 13 14 | 14.5
Fighting       | 10 15 17 18 20 22 | 22.0
Evocations     | 13 18 22 25 27 | 27.0
Shapeshifting  | 1 7 12 25 | 25.5
Translocations | 18 | 18.1
Spellcasting   | 15 | 15.4
Stealth        | |  0.7

Action                     |  1- 3 |  4- 6 |  7- 9 | 10-12 | 13-15 | 16-18 | 19-21 | 22-24 | 25-27 || total
---------------------------+-------+-------+-------+-------+-------+-------+-------+-------+-------++-------
   Fire: Sling             |   142 |   212 |   478 |   637 |       |       |       |       |       ||  1469
         Hand cannon       |       |       |       |   329 |  1318 |  1674 |  1118 |  2290 |  8752 || 15481
  Throw: Throwing net      |       |       |       |     1 |       |       |       |       |       ||     1
   Cast: Disjunction       |       |       |       |       |       |       |       |       |     2 ||     2
 Invoke: Heroism           |       |       |     1 |     3 |    10 |    15 |     3 |     8 |    37 ||    77
         Receive Weapon    |       |       |       |     1 |       |       |       |       |       ||     1
         Receive Armour    |       |       |       |     1 |       |       |       |       |       ||     1
         Finesse           |       |       |       |     2 |     9 |    14 |     3 |     8 |    37 ||    73
Ability: Invent Gizmo      |       |       |       |       |     1 |       |       |       |       ||     1
  Evoke: Wand              |       |       |       |       |       |       |       |       |     3 ||     3
         Condenser vane    |       |       |       |       |       |       |       |       |     1 ||     1
    Use: Scroll            |     2 |    12 |     8 |    10 |     5 |     8 |     7 |     7 |    25 ||    84
         Potion            |       |       |     1 |     2 |     2 |     4 |     1 |    14 |    24 ||    48
 Armour: Leather armour    |    20 |    15 |    14 |       |       |       |       |       |       ||    49
         Steam dragon scal |       |       |    27 |     3 |       |       |       |       |       ||    30
         Robe              |       |       |       |   127 |   102 |   114 |   135 |   122 |       ||   600
         Acid dragon scale |       |       |       |    41 |     2 |       |       |       |       ||    43
         Ring mail         |       |       |       |       |       |       |       |    59 |       ||    59
         Animal skin       |       |       |       |       |       |       |       |     5 |   769 ||   774
  Dodge: Dodged            |    15 |    19 |    58 |   229 |   189 |   256 |   375 |   324 |  2066 ||  3531
         Repelled          |       |       |       |       |     6 |    15 |    27 |    57 |   108 ||   213
   Form: Death             |       |       |       |       |       |       |       |       |     2 ||     2
                           |       |       |       |       |       |       |       |       |     1 ||     1

Table legend: (Time is in decaauts)
 A = Elapsed time spent in this place.
 B = Non-inter-level travel time spent in this place.
 C = Inter-level travel time spent in this place.
 D = Time resting spent in this place.
 E = Time spent auto-exploring this place.
 F = Levels seen in this place.
 G = Mean time per level.
                   A        B        C        D        E       F      G
               +--------+--------+--------+--------+--------+-----+--------+
         Total |  79414 |  71713 |   7701 |   6055 |  52357 |  78 | 1018.1 |
       Dungeon |  15769 |  13094 |   2675 |    686 |  10578 |  15 | 1051.3 |
        Temple |      1 |      1 |      0 |      0 |      0 |   1 |    1.0 |
          Lair |   6232 |   5348 |    884 |    634 |   3751 |   5 | 1246.4 |
         Swamp |   3776 |   3563 |    213 |    624 |   2437 |   4 |  944.0 |
   Spider Nest |   4129 |   3879 |    250 |    312 |   2868 |   4 | 1032.2 |
    Slime Pits |   4021 |   3578 |    443 |    277 |   2668 |   5 |  804.2 |
  Orcish Mines |   1553 |   1152 |    401 |    146 |    833 |   2 |  776.5 |
   Elven Halls |   3496 |   3078 |    418 |     95 |   2331 |   3 | 1165.3 |
        Vaults |   8628 |   7861 |    767 |    545 |   6141 |   5 | 1725.6 |
         Crypt |   3256 |   2892 |    364 |     78 |   2159 |   3 | 1085.3 |
        Depths |   6077 |   5251 |    826 |    718 |   3604 |   4 | 1519.2 |
          Hell |   1146 |   1132 |     14 |    381 |    500 |   1 | 1146.0 |
           Zot |   6548 |   6105 |    443 |    725 |   4294 |   5 | 1309.6 |
         Abyss |    299 |    299 |      0 |     50 |      0 |   3 |   99.7 |
   Pandemonium |  13131 |  13131 |      0 |    668 |   9298 |  16 |  820.7 |
       Volcano |    628 |    628 |      0 |      3 |    496 |   1 |  628.0 |
        Wizlab |    714 |    714 |      0 |    109 |    395 |   1 |  714.0 |
               +--------+--------+--------+--------+--------+-----+--------+

Top non-repeatable levels by time:
Vaults:4: 2111 daAuts
Vaults:1: 2084 daAuts
    D:15: 1945 daAuts
   Zot:1: 1841 daAuts
Depths:3: 1819 daAuts
Depths:2: 1688 daAuts
  Lair:4: 1679 daAuts
Vaults:5: 1650 daAuts
   Zot:5: 1631 daAuts
Depths:4: 1614 daAuts
   Elf:3: 1553 daAuts
  Lair:2: 1486 daAuts
Vaults:2: 1477 daAuts
Spider:4: 1428 daAuts
    D:14: 1412 daAuts
